 Dungeon Crawl Stone Soup version 0.26.0-45-g9c1d065592 (webtiles) character file.

Game seed: 12251703439931000370

1526 kreisler the Covert (level 8, -5/54 HPs)
             Began as an Octopode Brigand on Jan 26, 2021.
             Slain by an ogre
             ... wielding a +0 giant spiked club
              (18 damage)
             ... on level 7 of the Dungeon on Jan 27, 2021.
             The game lasted 00:24:21 (5078 turns).

kreisler the Covert (Octopode Brigand)              Turns: 5078, Time: 00:24:21

Health: -5/54      AC:  1    Str: 10 (11) XL:     8   Next: 85%
Magic:  8/8        EV: 14    Int: 12 (13) God:
Gold:   338        SH:  0    Dex: 15      Spells: 7/7 levels left

rFire    . . .     SeeInvis .   a - +2 dagger
rCold    . . .     Faith    .   (no shield)
rNeg     . . .     Spirit   .   (helmet restricted)
rPois    .         Reflect  .   (no amulet)
rElec    .         Harm     .   (no ring)
rCorr    .         Rampage  .   (no ring)
Will     .....                  (no ring)
Stlth    ++++++....             (no ring)
HPRegen  0.18/turn              (no ring)
MPRegen  0.11/turn              (no ring)
                                (no ring)
                                (no ring)

@: no status effects
A: almost no armour, stealthy swim, amphibious, 8 rings, constrict 8, camouflage
1, gelatinous body 1
a: no special abilities


You were on level 7 of the Dungeon.
You visited 2 branches of the dungeon, and saw 8 of its levels.

You collected 338 gold pieces.

Inventory:

Hand Weapons
 a - a +2 dagger (weapon)
Missiles
 b - 28 poisoned darts (quivered)
 c - 2 curare-tipped darts
Wands
 i - a wand of acid (4)
 k - a wand of polymorph (11)
Scrolls
 d - 5 scrolls of enchant armour
 e - 2 scrolls of magic mapping
 f - 6 scrolls of remove curse
 h - 4 scrolls of identify
 m - a scroll of fear
 n - 3 scrolls of teleportation
 o - a scroll of enchant weapon {unknown}
 p - a scroll of fog {unknown}
Potions
 g - 3 potions of berserk rage
 j - a potion of ambrosia


   Skills:
 + Level 3.9 Fighting
 + Level 5.6 Short Blades
 + Level 5.5 Throwing
 + Level 2.4 Dodging
 + Level 10.4 Stealth


You had 7 spell levels left.
You didn't know any spells.
Your spell library was empty.

Dungeon Overview and Level Annotations

Branches:
Dungeon (7/15)             Temple (1/1) D:6

Altars:
Ashenzari
Cheibriados
Dithmenos
Elyvilon
Gozag
Kikubaaqudgha
Nemelex Xobeh
Okawaru
Qazlal
Ru
Sif Muna
Trog
Uskayaw
Vehumet
Wu Jian
Xom
Yredelemnul
Zin
The Shining One

Shops:
D:4 (


Innate Abilities, Weirdness & Mutations

You cannot wear most types of armour.
You are very stealthy in the water. (Stealth+)
You are amphibious.
You can wear up to eight rings at the same time.
You can use your tentacles to constrict eight enemies at once.
Your skin changes colour to match your surroundings (Stealth+).
Your rubbery body absorbs attacks. (AC +1, EV +1)


Message History

You hit the ogre.
The ogre is moderately wounded.
The ogre hits you with a +0 giant spiked club!!
* * * LOW HITPOINT WARNING * * *
Throw: 30 darts (poison)
Press: ? - help, Q - select action, (/) - cycle Shift-Dir - straight line, f - ogre
Aim: an ogre, wielding a +0 giant spiked club (moderately wounded, 76% to hit)
You throw a poisoned dart. The poisoned dart hits the ogre.
The ogre is poisoned.
The ogre is moderately wounded.
The ogre looks more healthy.
You see here a leather armour.
Throw: 29 darts (poison)
Press: ? - help, Q - select action, (/) - cycle Shift-Dir - straight line, f/p - ogre
Aim: an ogre, wielding a +0 giant spiked club (heavily wounded, 76% to hit)
You throw a poisoned dart. The poisoned dart hits the ogre!
The ogre is poisoned.
The ogre is heavily wounded.
The ogre hits you with a +0 giant spiked club!!
You die...

###############
#.........(...#
#.....#######.# ###.....#
#.# #####.......##### #.#
###
............@O..###.###.##
.####.......###..........#
###.....#######.###.##
#....).######.# #.#
###...........# #.#
##.############.# #.#
##.#.# #.# #....# ##'##
##.###


You could see an ogre (very poisoned).

Vanquished Creatures
  Menkaure (D:5)
  A water moccasin (D:5)
  An ice beast (D:6)
  A phantom (D:7)
  An ogre (D:5)
  A big kobold (D:7)
  A bullfrog (D:6)
  A wyvern skeleton (D:6)
  3 scorpions
  3 hounds
  A jelly (D:6)
  3 orc priests
  An orc wizard (D:4)
  4 iguanas
  6 worker ants
  A worker ant zombie (D:6)
  6 gnolls
  8 adders
  A shadow imp (D:6)
  An adder skeleton (D:4)
  2 worms
  3 dart slugs
  11 orcs
  A ball python (D:2)
  2 giant cockroaches
  3 goblins
  7 hobgoblins
  3 jackals (D:4)
  3 bats (D:2)
  A frilled lizard (D:2)
  5 kobolds
  4 rats
91 creatures vanquished.

Notes
Turn   | Place    | Note
-------+----------+-------------------------------------------
     0 | D:1      | kreisler the Octopode Brigand began the quest for the Orb.
     0 | D:1      | Reached XP level 1. HP: 14/14 MP: 1/1
    27 | D:1      | You fall into a shaft and drop 1 floor!
    39 | D:2      | Found a snail-covered altar of Cheibriados.
    81 | D:2      | Reached XP level 2. HP: 20/20 MP: 2/2
    92 | D:2      | Reached skill level 6 in Stealth
   112 | D:2      | Reached XP level 3. HP: 25/25 MP: 3/3
   223 | D:2      | Reached XP level 4. HP: 30/30 MP: 4/4
   805 | D:3      | Reached skill level 7 in Stealth
  1159 | D:3      | Found a sparkling altar of Nemelex Xobeh.
  1201 | D:4      | Reached XP level 5. HP: 35/35 MP: 5/5
  1246 | D:4      | HP: 1/36 [poisoned by a scorpion]
  1253 | D:4      | Upgraded the game from 0.26.0-41-g79a4fc7684 to
                  | 0.26.0-45-g9c1d065592
  1526 | D:4      | Reached skill level 8 in Stealth
  1528 | D:4      | Reached XP level 6. HP: 39/41 MP: 6/6
  2069 | D:4      | Found Vawos's Antique Weapon Boutique.
  2077 | D:4      | Found a shimmering altar of Xom.
  2434 | D:5      | Entered Level 5 of the Dungeon
  2466 | D:5      | Reached XP level 7. HP: 46/46 MP: 7/7
  2466 | D:5      | Found a basalt altar of Yredelemnul.
  2492 | D:5      | Reached skill level 9 in Stealth
  2850 | D:5      | Noticed Menkaure
  2857 | D:5      | Killed Menkaure
  2870 | D:5      | Reached XP level 8. HP: 51/53 MP: 8/8
  2954 | D:5      | Reached skill level 5 in Short Blades
  3078 | D:5      | Found a broken altar of Ashenzari.
  3205 | D:6      | Found a white marble altar of Elyvilon.
  3646 | D:6      | Found a sacrificial altar of Ru.
  3908 | D:6      | Reached skill level 10 in Stealth
  3933 | D:6      | Found a staircase to the Ecumenical Temple.
  3945 | Temple   | Entered the Ecumenical Temple
  4378 | D:6      | Found an ornate altar of the Wu Jian Council.
  4728 | D:7      | Reached skill level 5 in Throwing
  5078 | D:7      | Slain by an ogre

Illustrated notes

Levels and vault maps discovered:
D:1:      minmay_arrival_four_circles, layout_basic
D:2:      layout_rooms, kennysheep_slug_shrine
D:3:      layout_loops_ring, marbit_many_paths
D:4:      layout_rooms, kennysheep_little_box, serial_shops,
          nicolae_shop_behind_doors
D:5:      layout_rooms, overflow_temple_1_default,
          nicolae_overflow_hidden_temple, uniq_menkaure
D:6:      layout_basic, elyvilon_altar_3, overflow_temple_1_default,
          temple_hall, nicolae_ru_sacrificial_ziggurat
D:7:      layout_loops_corners, overflow_temple_1_default
Temple:   minmay_temple_bridge_abc

Skill      XL: |  1  2  3  4  5  6  7  8 |
---------------+-------------------------+-----
Stealth        | 6 7 8 9 10 | 10.4
Short Blades   | 3 4 5 |  5.6
Fighting       | 3 |  3.9
Throwing       | 4 5 |  5.5
Dodging        | 2 |  2.4

Action                   |  1- 3 |  4- 6 |  7- 9 || total
-------------------------+-------+-------+-------++-------
Melee: Dagger            |    30 |   101 |   110 ||   241
       Constrict         |     8 |    23 |    21 ||    52
       Tentacles         |     5 |    16 |    18 ||    39
Throw: Dart              |     3 |    26 |    41 ||    70
  Use: Scroll            |       |     6 |     2 ||     8
       Potion            |       |     1 |     8 ||     9
 Stab: Sleeping          |     5 |    12 |     8 ||    25
Armor: Skin              |     1 |     2 |     1 ||     4
Dodge: Dodged            |    15 |    50 |    40 ||   105
